 Dungeon Crawl Stone Soup version 0.29.1-2-gbd0b4ee654 (webtiles) character file.

Game seed: 2739890981083004553

131 Haldmier the Vexing (level 4, -3/36 HPs)
             Began as a Demigod Arcane Marksman on Nov 29, 2022.
             Killed by divine providence
             ... invoked by an orc priest
              (17 damage)
             ... on level 4 of the Dungeon.
             The game lasted 00:07:37 (2334 turns).

Haldmier the Vexing (Demigod Arcane Marksman)       Turns: 2334, Time: 00:07:38

Health: -3/36      AC:  5    Str: 11    XL:     4   Next: 61%
Magic:  8/8        EV: 11    Int: 15    God:
Gold:   61         SH:  0    Dex: 18    Spells: 2/6 levels left

rFire   . . .      SeeInvis .   a - +1 sling
rCold   + . .      Faith    .   (no shield)
rNeg    + . .      Spirit   .   l - +0 ring mail
rPois   .          Reflect  .   (no helmet)
rElec   .          Harm     .   (no cloak)
rCorr   .          Rampage  .   (no gloves)
Will    .....                   (no boots)
Stlth   +.........              p - amulet of magic regeneration
HPRegen 0.12/turn               m - ring of protection from cold
MPRegen 0.51/turn               n - ring of positive energy

@: no status effects
A: high MP 1, forlorn, divine attributes
a: no special abilities


You were on level 4 of the Dungeon.
You visited 1 branch of the dungeon, and saw 4 of its levels.

You collected 61 gold pieces.

Inventory:

Hand Weapons
 a - a +1 sling (weapon)
 f - a +2 whip of pain
Armour
 c - a +0 robe
 l - a +0 ring mail (worn)
Jewellery
 m - a ring of protection from cold (left hand)
 n - a ring of positive energy (right hand)
 o - a ring of flight
 p - an amulet of magic regeneration (around neck)
Scrolls
 b - 2 scrolls of poison
 g - a scroll of magic mapping {unknown}
 h - 3 scrolls of identify {unknown}
 i - a scroll of teleportation {unknown}
 j - a scroll of butterflies {unknown}
Potions
 d - a potion of haste {unknown}
 e - a potion of curing {unknown}
 k - a potion of brilliance {unknown}


   Skills:
 + Level 1.8 Fighting
 * Level 3.0 Ranged Weapons
 + Level 2.4 Dodging
 - Level 1.5 Spellcasting
 + Level 3.3 Hexes
 + Level 0.4 Translocations


You had 2 spell levels left.
You knew the following spells:

 Your Spells              Type           Power      Damage    Failure   Level
a - Slow                  Hex            44%        N/A       14%         1
b - Portal Projectile     Hex/Tloc       12%        N/A       61%         3

Your spell library contained the following spells:

 Spells                   Type           Power      Damage    Failure   Level
 Inner Flame              Hex/Fire       6%         N/A       65%         3
 Cause Fear               Hex            5%         N/A       82%         4


Dungeon Overview and Level Annotations

Branches:
Dungeon (4/15)
 Temple: D:4-7


Innate Abilities, Weirdness & Mutations

You have an increased reservoir of magic. (+10% MP)
You shall have no god before yourself.
Your divine heritage dramatically boosts your attributes as you level up.


Message History

The orc is lightly wounded.
There is a stone staircase leading down here.
Fire: a) +1 sling
Press: ? - help, Shift-Dir - straight line, f - orc priest
Aim: an orc priest, wielding a +0 short sword and wearing a +0 leather armour (60% to hit)
You shoot a sling bullet. The sling bullet hits the orc priest.
The orc priest is lightly wounded.
Fire: a) +1 sling
Press: ? - help, Shift-Dir - straight line, f/p - orc priest
Aim: an orc priest, wielding a +0 short sword and wearing a +0 leather armour (lightly wounded, 60% to hit)
You shoot a sling bullet. The sling bullet hits the orc priest.
The orc priest is heavily wounded.
The orc barely misses you.
Fire: a) +1 sling
Press: ? - help, Shift-Dir - straight line, f/p - orc priest
Aim: an orc priest, wielding a +0 short sword and wearing a +0 leather armour (heavily wounded, 60% to hit)
You shoot a sling bullet.
The sling bullet hits the orc priest but does no damage.
The orc priest is heavily wounded.
The orc hits you from afar with a +0 trident!
Fire: a) +1 sling
Press: ? - help, Shift-Dir - straight line, f/p - orc priest
Aim: an orc priest, wielding a +0 short sword and wearing a +0 leather armour (heavily wounded, 60% to hit)
You shoot a sling bullet.
The sling bullet barely misses the orc priest.
The orc misses you.
The orc priest calls down the wrath of Beogh upon you.
Beogh smites you! The orc barely misses you. The orc barely misses you.
The orc priest looks encouraged for a moment.
You climb downwards.
There is a stone staircase leading up here.
Fire: a) +1 sling
Press: ? - help, Shift-Dir - straight line, f - orc priest
Aim: an orc priest, wielding a +0 short sword and wearing a +0 leather armour (heavily wounded, 60% to hit)
You shoot a sling bullet. The sling bullet hits the orc priest.
The orc priest is almost dead.
The orc priest mumbles some strange prayers to Beogh against you.
Beogh smites you!
You die...

.. . . #^ .
.####. ### ....
...#..# #
#.###.#..##.#.#
........@.....#
.......o..#.#.#
#.........#
........#.#
.........(..
.........####
..........
.....#.#..
....... ..#


You could see an orc priest.

Vanquished Creatures
  A hound (D:3)
  An adder (D:2)
  3 gnolls (D:1)
  2 worms (D:2)
  5 ball pythons
  5 endoplasms
  4 giant cockroaches
  6 goblins
  6 hobgoblins
  3 jackals (D:1)
  2 quokkas
  8 bats
  3 frilled lizards (D:1)
  7 kobolds
56 creatures vanquished.

Notes
Turn   | Place    | Note
-------+----------+-------------------------------------------
     0 | D:1      | Haldmier the Demigod Arcane Marksman began the quest for
                  | the Orb.
     0 | D:1      | Reached XP level 1. HP: 15/15 MP: 4/4
   112 | D:1      | Reached skill level 1 in Fighting
   239 | D:1      | Reached XP level 2. HP: 17/23 MP: 6/6
   866 | D:1      | Reached XP level 3. HP: 23/28 MP: 7/7
  1693 | D:2      | Learned a level 3 spell: Portal Projectile
  1854 | D:1      | Reached XP level 4. HP: 16/35 MP: 8/8
  2188 | D:2      | You fall into a shaft and drop 2 floors!
  2334 | D:4      | Killed from afar by an orc priest

Illustrated notes

Levels and vault maps discovered:
D:1:      tarquinn_simple_flora_water_e, layout_basic, st_stairs_2
D:2:      wander_river, layout_rooms, dreamdust_ecumenical_altar_statues,
          basic_altar
D:3:      layout_basic, jmf_multi_god_temple2, minmay_misc_feat_roman,
          kennysheep_generic_room_16, uniq_ijyb
D:4:      layout_basic, minmay_temple_entry_drinking_statues,
          uniq_blork_the_orc, uniq_eustachio, uniq_menkaure

Skill      XL: |  1  2  3  4 |
---------------+-------------+-----
Fighting       | 1 |  1.8
Ranged Weapons | 2 3 |  3.0
Dodging        | 2 |  2.4
Hexes          | 3 |  3.3
Spellcasting   | |  1.5
Translocations | |  0.4

Action                   |  1- 3 |  4- 6 || total
-------------------------+-------+-------++-------
 Fire: Sling             |   164 |    34 ||   198
 Cast: Slow              |    14 |     2 ||    16
  Use: Scroll            |     1 |       ||     1
Armor: Robe              |     4 |       ||     4
       Ring mail         |    19 |     7 ||    26
Dodge: Dodged            |    63 |    18 ||    81
